Map: Ulrena

Players

PtitDrogo

  • Race: Protoss Protoss
  • League: Grandmaster

MarineLorD - Winner!

  • Race: Terran Terran
  • League: Grandmaster

Event: 2016 WCS Winter Challenger Europe

VOD

https://www.youtube.com/watch?v=_jUXqv_is5Y

Description

Time

  • Played on: Feb. 13, 2016, 11:11 a.m.
  • Length: 11:45

All games in this series

Show
View Real Time Build Order
Export as new Build Order

PtitDrogo Protoss 

Build Orders: Oracle Opening 

Get SALT Encoding   

  12  0:10  Pylon  
  12  0:12  Probe (Chrono Boost)  
  13  0:23  Probe (Chrono Boost)  
  14  0:30  Gateway  
  14  0:34  Probe (Chrono Boost)  
  15  0:41  Assimilator  
  15  0:44  Probe (Chrono Boost)  
  16  0:55  Probe (Chrono Boost)  
  17  1:05  Probe (Chrono Boost)  
  17  1:08  Assimilator  
  18  1:16  Probe (Chrono Boost)  
  18  1:17  Cybernetics Core  
  19  1:26  Probe (Chrono Boost)  
  20  1:36  Pylon  
  20  1:37  Probe (Chrono Boost)  
  21  1:48  Probe (Chrono Boost)  
  22  1:54  Stalker (Chrono Boost)  
  22  1:57  Warp Gate (Chrono Boost)  
  22  1:59  Mothership Core (Chrono Boost)  
  26  2:17  Probe (Chrono Boost)  
  27  2:24  Stalker (Chrono Boost)  
  27  2:28  Probe  
  30  2:38  Stargate  
  30  2:40  Probe  
  31  2:55  Pylon  
  31  3:08  Pylon  
  31  3:13  Probe, Nexus  
  32  3:25  Probe  
  31  3:35  Oracle (Chrono Boost)  
  35  3:43  Mothership Core  
  36  3:48  Gateway  
  36  3:49  Gateway  
  36  4:04  Probe  
  36  4:08  Stalker  
  36  4:09  Oracle (Chrono Boost)  
  42  4:17  Probe (Chrono Boost)  
  43  4:27  Probe (Chrono Boost)  
  43  4:28  Probe (Chrono Boost)  
  45  4:38  Probe x2 (Chrono Boost)  
  47  4:41  Fleet Beacon  
  47  4:48  Probe (Chrono Boost)  
  47  4:52  Pylon  
  48  4:55  Probe (Chrono Boost)  
  48  4:59  Probe (Chrono Boost), Assimilator  
  50  5:02  Assimilator  
  50  5:05  Probe (Chrono Boost)  
  51  5:10  Probe (Chrono Boost)  
  51  5:13  Stargate  
  52  5:16  Probe (Chrono Boost)  
  52  5:20  Probe (Chrono Boost)  
  54  5:26  Probe (Chrono Boost)  
  55  5:31  Probe (Chrono Boost)  
  56  5:37  Probe (Chrono Boost)  
  56  5:40  Probe (Chrono Boost), Pylon  
  56  5:41  Tempest (Chrono Boost)  
  62  5:48  Probe, Pylon  
  63  5:50  Probe  
  64  5:59  Tempest (Chrono Boost)  
  68  6:08  Gateway x2  
  68  6:10  Sentry  
  70  6:17  Pylon  
  70  6:19  Tempest (Chrono Boost)  
  74  6:29  Protoss Air Weapons Level 1 (Chrono Boost)  
  74  6:45  Tempest  
  78  6:48  Gateway  
  78  6:50  Zealot x3  
  84  6:55  Pylon  
  84  6:58  Pylon  
  84  7:05  Tempest  
  79  7:14  Zealot x2  
  87  7:30  Tempest  
  87  7:35  Gateway  
  91  7:41  Pylon  
  91  7:42  Tempest  
  91  7:47  Zealot x2  
  99  7:58  Pylon  
  99  8:02  Adept x3  
  93  8:28  Stalker x3  
  91  8:55  Twilight Council  
  84  8:56  Nexus  
  84  9:04  Sentry x2  
  84  9:05  Adept x3  
  94  9:24  Pylon  
  94  9:27  Adept x2  
  94  9:28  Adept x4  
  106  9:39  Resonating Glaives (Chrono Boost), Templar Archives  
  106  9:48  Adept x6  
  116  10:01  Assimilator  
  116  10:05  Assimilator  
  116  10:17  High Templar  
  116  10:18  Adept x4, High Templar  
  127  10:22  Gateway  
  127  10:24  Gateway  
  127  10:25  Probe  
  127  10:27  Probe  
  129  10:29  Archon  
  129  10:38  High Templar  
  129  10:39  High Templar  
  129  10:40  Adept x2  
  137  10:44  Archon  
  79  11:04  Adept x4  
  79  11:05  Probe  
  79  11:10  Mothership Core  
  62  11:11  Adept x2  
  63  11:20  Stalker x2  
  60  11:25  Adept x2  
  60  11:28  Adept  
  60  11:32  Adept  
Show
View Real Time Build Order
Export as new Build Order

MarineLorD Terran - Winner!

Build Orders:  

Get SALT Encoding   

  12  0:00  SCV  
  13  0:12  SCV  
  14  0:18  Supply Depot  
  14  0:24  SCV  
  15  0:40  SCV  
  15  0:41  Barracks  
  16  0:45  Refinery  
  16  0:52  SCV  
  17  1:04  SCV  
  18  1:16  SCV  
  19  1:28  Orbital Command  
  19  1:29  Barracks Reactor  
  19  1:47  Command Center  
  19  1:54  SCV  
  20  2:05  Marine  
  20  2:06  SCV, Marine  
  23  2:11  Supply Depot  
  23  2:15  Factory  
  23  2:28  Supply Depot  
  23  2:32  SCV, Marine x2  
  26  2:39  Bunker  
  26  2:44  SCV  
  26  2:50  Marine x2  
  29  2:58  Factory Tech Lab  
  30  2:59  Engineering Bay  
  28  3:09  Orbital Command  
  28  3:14  SCV, Marine x2  
  28  3:18  Cyclone  
  34  3:26  SCV  
  34  3:35  Marine x2  
  34  3:37  Orbital Command  
  35  3:43  Refinery, SCV  
  35  3:48  Starport  
  36  3:52  Marine  
  36  3:53  Marine  
  36  3:55  SCV  
  39  3:56  Supply Depot  
  39  4:07  SCV  
  39  4:08  SCV  
  38  4:10  Marine  
  39  4:19  SCV  
  39  4:20  Supply Depot, SCV  
  39  4:22  Engineering Bay  
  40  4:27  Siege Tank  
  43  4:31  SCV  
  43  4:32  Marine x2  
  43  4:38  Viking  
  48  4:44  Supply Depot  
  48  4:45  SCV  
  49  4:51  Orbital Command  
  49  4:52  Missile Turret  
  49  4:56  Marine  
  49  4:57  SCV  
  49  4:59  Marine  
  52  5:09  Bunker, SCV  
  52  5:12  Supply Depot  
  53  5:19  SCV  
  54  5:23  Siege Tank  
  56  5:31  SCV, Marine  
  56  5:32  Marine  
  59  5:35  Medivac  
  59  5:39  SCV  
  59  5:41  Refinery  
  62  5:43  SCV  
  62  5:45  Missile Turret  
  62  5:48  Supply Depot  
  63  5:50  Marine  
  63  5:51  Marine  
  63  5:53  SCV  
  63  5:55  SCV  
  67  6:02  Supply Depot  
  70  6:05  SCV  
  70  6:08  SCV  
  72  6:15  Starport  
  72  6:17  Viking x2  
  72  6:18  Refinery  
  73  6:22  Barracks Reactor  
  73  6:24  Hellion  
  76  6:25  SCV x2  
  76  6:31  Missile Turret  
  77  6:37  SCV  
  77  6:38  Supply Depot, SCV  
  79  6:47  Viking x2  
  79  6:52  SCV  
  84  6:55  SCV  
  85  7:04  SCV  
  85  7:06  Viking x2  
  85  7:07  SCV  
  91  7:18  Viking x2, Marine  
  91  7:19  SCV  
  91  7:22  Factory Reactor  
  97  7:25  SCV  
  97  7:36  Viking x2  
  101  7:45  Barracks  
  101  7:46  Barracks  
  101  7:47  Barracks  
  101  7:54  Supply Depot, Viking x2  
  101  7:55  Supply Depot x2  
  105  8:04  Marauder  
  107  8:06  Viking  
  107  8:07  Stimpack  
  109  8:15  Viking, SCV  
  108  8:26  Viking  
  104  8:28  SCV  
  104  8:32  Viking  
  105  8:39  Viking  
  105  8:40  SCV  
  106  8:45  Viking  
  106  8:47  Liberator  
  106  9:00  Liberator  
  106  9:02  Barracks Reactor, Barracks Tech Lab  
  104  9:03  Command Center  
  104  9:07  Marine  
  104  9:08  Barracks  
  108  9:11  Factory Reactor, Terran Infantry Weapons Level 1  
  108  9:18  Marine x2  
  108  9:22  Marine  
  115  9:24  SCV x2, Marine  
  115  9:26  Liberator  
  115  9:29  Combat Shields  
  117  9:35  Supply Depot x2  
  117  9:36  Marine x2  
  117  9:38  Liberator, Marine x2  
  121  9:40  Marine  
  121  9:41  SCV x2  
  121  9:42  Marine  
  128  9:49  Supply Depot x2  
  126  9:53  SCV, Marine  
  126  9:54  Marine  
  126  9:55  Marine  
  131  10:07  Supply Depot  
  131  10:09  Liberator  
  131  10:10  Marine x3  
  131  10:11  Marine  
  131  10:14  Viking x2  
  137  10:18  Marine x2  
  137  10:19  Refinery  
  137  10:20  Refinery  
  144  10:30  Marine  
  144  10:31  Marine  
  144  10:33  Marine  
  146  10:39  Missile Turret, Marine x2  
  148  10:49  Marine x2  
  150  10:50  Marine  
  150  10:55  Marine  
  150  10:56  Marine  
  140  10:59  Marine x3  
  123  11:07  Marine x2  
  123  11:08  Orbital Command, Marine  
  118  11:13  Marine  
  118  11:14  Marine  
  118  11:17  Marine x3  
  122  11:25  Marine x3  
  126  11:42  Command Center  
Tags
 
Add a new tag
Caveats
  • Supply blocks, unpowered buildings, or Contaminate may cause inaccurate times.
  • Supply counts are checked every 10 seconds.